 Dungeon Crawl Stone Soup version 0.17-a0-1951-g62301d3 (webtiles) character file.

326 vatarom the Conjurer (level 6, -7/37 HPs)
             Began as a Deep Elf Conjurer on Oct 2, 2015.
             Mangled by an ogre
             ... wielding a +0 giant club
              (31 damage)
             ... on level 4 of the Dungeon.
             The game lasted 00:09:17 (3831 turns).

vatarom the Conjurer (Deep Elf Conjurer)            Turns: 3831, Time: 00:09:17

Health: -7/37      AC:  4    Str:  7      XL:     6   Next: 24%
Magic:  1/12       EV: 12    Int: 22      God:
Gold:   161        SH:  0    Dex: 13 (15) Spells: 4 memorised, 1 level left

rFire  . . .     SeeInvis .     k - +0 whip
rCold  . . .     Clarity  .     a - +0 robe
rNeg   . . .     SustAt   .     (no shield)
rPois  .         Gourm    .     (no helmet)
rElec  .         Spirit   .     (no cloak)
rCorr  .         Warding  .     g - +1 pair of gloves
rMut   .         Stasis   .     (no boots)
MR     .....                    (no amulet)
Stlth  ++........               (no ring)
                                (no ring)

@: very slightly contaminated, not resistant to hostile enchantments, unstealthy
A: clever 1, deterioration 1, screaming 1
a: no special abilities


You were on level 4 of the Dungeon.
You were not hungry.

You visited 1 branch of the dungeon, and saw 4 of its levels.

You collected 161 gold pieces.

Inventory:

Hand weapons
 k - a +0 whip (weapon)
Missiles
 h - a tomahawk of dispersal (quivered)
Armour
 a - a +0 robe (worn)
 g - a +1 pair of gloves (worn)
Jewellery
 e - an uncursed amulet of faith
Scrolls
 c - a scroll of fog
 f - 3 scrolls of identify
 i - 5 scrolls of remove curse
Books
 b - a book of Conjurations

   Spells                             Type                      Level
   a - Magic Dart                     Conjuration                  1
   b - Searing Ray                    Conjuration                  2
   c - Dazzling Spray                 Conjuration/Hexes            3
   d - Fulminant Prism                Conjuration/Hexes            4
   e - Iskenderun's Mystic Blast      Conjuration                  4
   f - Iskenderun's Battlesphere      Conjuration/Charms           5
Comestibles
 d - a bread ration
 j - a chunk of flesh


   Skills:
 - Level 3.2 Fighting
 - Level 2.4 Dodging
 - Level 2.4 Stealth
 - Level 3.0 Spellcasting
 + Level 6.6 Conjurations
 - Level 1.8 Hexes


You had one spell level left.
You knew the following spells:

 Your Spells              Type           Power        Failure   Level  Hunger
a - Magic Dart            Conj           ####         1%          1    None
b - Searing Ray           Conj           ####..       1%          2    ##.....
c - Dazzling Spray        Conj/Hex       ###.....     8%          3    ###....
d - Fulminant Prism       Conj/Hex       ###.......   21%         4    ####...


Dungeon Overview and Level Annotations

Branches:
Dungeon (4/15)
 Temple: D:4-7

Altars:
Ashenzari
Dithmenos
Nemelex Xobeh
Okawaru
The Shining One


Innate Abilities, Weirdness & Mutations

Your mind is acute. (Int +2)
Your body sometimes deteriorates upon taking damage.
You occasionally shout uncontrollably at your foes.


Message History

You don't know that spell.
Sorry, you're not good enough to have a special ability.
Unknown command.
Casting: Searing Ray
Confirm with . or Enter, or press ? or * to list all spells.
Aiming: Magic Dart
Press: ? - help, Shift-Dir - straight line, f/p - ogre
Aim: an ogre, wielding a giant club (heavily wounded)
The magic dart hits the ogre.
The ogre is severely wounded.
Casting: Magic Dart
Confirm with . or Enter, or press ? or * to list all spells.
Aiming: Magic Dart
Press: ? - help, Shift-Dir - straight line, f/p - ogre
Aim: an ogre, wielding a giant club (severely wounded)
The magic dart hits the ogre.
The ogre is almost dead.
The ogre hits you with a giant club!!
Ouch! That really hurt!
You die...

..............#...............###
##..............#############.##.
#######......### ##.##. #.#..(##
#..[#. #.##.## #.###.. ####
#.##.# ########.. ... #.. ..>#
#.##.###........#### #.. ##.#
#.##.##.....##### ...#.
#........@O.....# ##!##.
##.#####(.#.##.....###.# #. #.
##..>.......###...## #.# # #.
#######...### ##.## #.# . # #.#.#
#.# #.# . # #.#.# #.# #.# # #.#.#
..# #........ # #.#.##. ###
######.## # #.#.##.#


You could see an ogre.

Vanquished Creatures
  A scorpion (D:4)
  2 hounds
  An orc wizard (D:4)
  Jessica (D:2)
  An iguana (D:4)
  2 gnolls (D:2)
  3 adders
  A worm (D:2)
  2 giant geckos
  8 orcs
  A giant cockroach (D:2)
  6 goblins
  4 hobgoblins
  5 jackals
  3 quokkas
  10 bats
  A giant gecko skeleton (D:4)
  5 giant newts
  15 kobolds
  6 rats
78 creatures vanquished.

Vanquished Creatures (others)
  A fulminant prism (D:4)
1 creature vanquished.

Grand Total: 79 creatures vanquished

Notes
Turn   | Place    | Note
--------------------------------------------------------------
     0 | D:1      | vatarom the Deep Elf Conjurer began the quest for the Orb.
     0 | D:1      | Reached XP level 1. HP: 10/10 MP: 6/6
   162 | D:1      | Gained mutation: You occasionally shout uncontrollably at your foes. [potion of mutation]
   162 | D:1      | Gained mutation: Your mind is acute. (Int +2) [potion of mutation]
   162 | D:1      | Gained mutation: Your body sometimes deteriorates upon taking damage. [potion of mutation]
   213 | D:1      | Reached skill level 1 in Fighting
   299 | D:1      | Reached XP level 2. HP: 5/16 MP: 1/8
   542 | D:1      | Learned a level 2 spell: Searing Ray
  1059 | D:2      | Noticed Jessica
  1063 | D:2      | Killed Jessica
  1063 | D:2      | Reached XP level 3. HP: 12/22 MP: 4/9
  1104 | D:2      | Learned a level 3 spell: Dazzling Spray
  1143 | D:2      | Reached XP level 4. HP: 15/28 MP: 0/10
  1527 | D:2      | Found a sparkling altar of Nemelex Xobeh.
  1734 | D:2      | Reached skill level 1 in Hexes
  2015 | D:2      | Found an iron altar of Okawaru.
  2786 | D:3      | Reached skill level 5 in Conjurations
  2786 | D:3      | Reached XP level 5. HP: 20/32 MP: 2/11
  2794 | D:3      | Learned a level 4 spell: Fulminant Prism
  3444 | D:4      | Reached skill level 6 in Conjurations
  3455 | D:4      | Reached XP level 6. HP: 34/37 MP: 4/12
  3557 | D:4      | Found a glowing golden altar of the Shining One.
  3560 | D:4      | Found a shadowy altar of Dithmenos.
  3563 | D:4      | Found a shattered altar of Ashenzari.
  3808 | D:4      | Noticed an ogre
  3831 | D:4      | Mangled by an ogre

Vault maps used:
D:1:      kilobyte_arrival_exit_the_forest
D:2:      nemelex_altar_shiori, okawaru_altar_gauntlet_db, uniq_jessica
D:3:      serial_aquarium, aquarium_bridge_square, aquarium_window_2,
          aquarium_window_fake, aquarium_window_2, aquarium_window_fake,
          aquarium_view_2b, aquarium_balcony_3a, aquarium_pool_side
D:4:      grunt_temple_overflow_diamond

Action                   |  1- 3 |  4- 6 || total
-------------------------+-------+-------++-------
Melee: Short sword       |    14 |    10 ||    24
       Whip              |       |    92 ||    92
       Falchion          |       |    16 ||    16
Throw: Tomahawk          |     1 |     1 ||     2
 Cast: Magic Dart        |    40 |    33 ||    73
       Searing Ray       |     2 |    10 ||    12
       Dazzling Spray    |       |    13 ||    13
       Fulminant Prism   |       |     1 ||     1
  Use: Potion            |     5 |     2 ||     7
       Scroll            |     3 |     5 ||     8
 Stab: Invisible         |       |     1 ||     1
  Eat: Bread ration      |     1 |       ||     1
       Chunk             |       |     3 ||     3
       Meat ration       |       |     1 ||     1
